 Dungeon Crawl Stone Soup version 0.20-a0-1122-gb7cbeb9 (webtiles) character file.

9424 Amnesiac the Destroyer (level 11, -8/55 HPs)
             Began as a Deep Elf Ice Elementalist on May 14, 2017.
             Was a High Priest of Sif Muna.
             Mangled by a jumping spider (17 damage)
             ... on level 2 of the Lair of Beasts.
             The game lasted 00:19:09 (12519 turns).

Amnesiac the Destroyer (Deep Elf Ice Elementalist) Turns: 12519, Time: 00:19:10

Health: -8/55      AC:  4    Str:  3    XL:     11   Next: 22%
Magic:  0/27       EV:  7    Int: 26    God:    Sif Muna [*****.]
Gold:   862        SH:  0    Dex: 15    Spells: 19/31 levels left

rFire    + . .     SeeInvis .   v - +1 dagger (venom)
rCold    . . .     Gourm    .   (no shield)
rNeg     + . .     Faith    .   Z - +0 robe
rPois    .         Spirit   +   (no helmet)
rElec    .         Reflect  .   e - +1 cloak
rCorr    .         Harm     .   (no gloves)
MR       +....                  (no boots)
Stlth    ++........             G - amulet of guardian spirit
Regen    0.2/turn               m - ring of positive energy
MPRegen  0.2/turn               (no ring)

@: held, invisible, no casting
A: clever 1, deterioration 1, fire resistance 1, weak 1, wild magic 1
a: Stop Divine Energy, Channel Magic, Forget Spell, Renounce Religion


You were on level 2 of the Lair of Beasts.
You worshipped Sif Muna.
Sif Muna was extremely pleased with you.
You were not hungry.

You visited 3 branches of the dungeon, and saw 12 of its levels.
You also visited: Bailey.

You collected 862 gold pieces.

Inventory:

Hand Weapons
 i - a +0 dagger of protection
 v - a +1 dagger of venom (weapon)
 B - a cursed -1 short sword
 M - a +3 dire flail of venom
 Q - a +0 dagger of venom
 X - a +0 falchion of flaming
Missiles
 j - 3 throwing nets (quivered)
 u - 40 poisoned needles
 V - 4 curare-tipped needles
Armour
 e - a +1 cloak (worn)
 w - a +0 leather armour of fire resistance
 O - a +2 leather armour of poison resistance
 Z - a +0 robe (worn)
Jewellery
 a - a +5 amulet of reflection {unknown}
 m - a ring of positive energy (left hand)
 D - an uncursed ring of protection from fire {unknown}
 G - an amulet of guardian spirit (around neck)
Scrolls
 d - 11 scrolls of remove curse {!r}
 n - 2 scrolls of amnesia {!r, unknown}
 o - 2 scrolls of immolation {!r, unknown}
 r - 4 scrolls of blinking {!r, unknown}
 s - a scroll of noise {!r, unknown}
 y - 4 scrolls of recharging {!r}
 A - a scroll of magic mapping {!r, unknown}
 F - a scroll of fear {!r, unknown}
 H - 3 scrolls of enchant weapon {!r, unknown}
 J - a scroll of fog {!r, unknown}
 L - a scroll of random uselessness {!r, unknown}
 U - a scroll of brand weapon {!r, unknown}
Potions
 f - a potion of heal wounds {!q, unknown}
 h - a potion of agility {!q}
 l - 3 potions of magic {!q}
 q - a potion of might {!q, unknown}
 t - 4 potions of curing {!q}
 z - 3 potions of brilliance {!q}
 C - a potion of mutation {!q, unknown}
 E - 2 potions of flight {!q}
 P - a potion of degeneration {!q}
 S - a potion of haste {!q}
 T - a potion of resistance {!q, unknown}
Books
 b - a book of Frost

   Spells                             Type                      Level
   a - Freeze                         Ice                          1
   b - Throw Frost                    Conjuration/Ice              2
   c - Ozocubu's Armour               Charms/Ice                   3
   d - Throw Icicle                   Conjuration/Ice              4
   e - Summon Ice Beast               Ice/Summoning                4
 I - Sif Muna's Tome of Congealing Battle Magic {god gift}
   (Sif Muna gifted it to you on level 8 of the Dungeon)

   Spells                             Type                      Level
   a - Magic Dart                     Conjuration                  1
   b - Dazzling Spray                 Conjuration/Hexes            3
   c - Iskenderun's Mystic Blast      Conjuration                  4
   d - Throw Icicle                   Conjuration/Ice              4
   e - Force Lance                    Conjuration/Translocation    4
   f - Bolt of Draining               Conjuration/Necromancy       5
   g - Freezing Cloud                 Conjuration/Ice/Air          6
 N - a book of Air

   Spells                             Type                      Level
   a - Shock                          Conjuration/Air              1
   b - Swiftness                      Charms/Air                   2
   c - Static Discharge               Conjuration/Air              3
   d - Airstrike                      Air                          4
   e - Lightning Bolt                 Conjuration/Air              5
 R - a book of Callings

   Spells                             Type                      Level
   a - Summon Small Mammal            Summoning                    1
   b - Call Imp                       Summoning                    2
   c - Call Canine Familiar           Summoning                    3
   d - Summon Guardian Golem          Hexes/Summoning              3
   e - Summon Lightning Spire         Summoning/Air                4
   f - Summon Ice Beast               Ice/Summoning                4
 W - a book of Maledictions

   Spells                             Type                      Level
   a - Corona                         Hexes                        1
   b - Ensorcelled Hibernation        Hexes/Ice                    2
   c - Confuse                        Hexes                        3
   d - Tukima's Dance                 Hexes                        3
   e - Dazzling Spray                 Conjuration/Hexes            3
Miscellaneous
 K - a crystal ball of energy
Comestibles
 c - 5 bread rations
 k - 9 meat rations
 p - 21 fruits
 x - 8 royal jellies
 Y - 4 chunks of flesh


   Skills:
 - Level 0.4 Fighting
 - Level 2.4 Dodging
 - Level 2.4 Stealth
 + Level 10.5 Spellcasting
 * Level 12.2 Conjurations
 * Level 12.1 Ice Magic


You had 19 spell levels left.
You knew the following spells:

 Your Spells              Type           Power        Failure   Level  Hunger
a - Throw Icicle          Conj/Ice       #######.     1%          4    None
b - Ozocubu's Armour      Chrm/Ice       ######..     2%          3    None
c - Summon Ice Beast      Ice/Summ       ######..     6%          4    None
d - Freeze                Ice            ####         1%          1    None


Dungeon Overview and Level Annotations

Branches:
Dungeon (9/15)             Temple (1/1) D:4            Lair (2/6) D:8
  Swamp: Lair:2-4    Shoals: Lair:2-4     Snake: Lair:2-4    Spider: Lair:2-4
    Orc: D:9-12

Altars:
Ashenzari
Cheibriados
Dithmenos
Elyvilon
Fedhas
Gozag
Hepliaklqana
Kikubaaqudgha
Makhleb
Nemelex Xobeh
Okawaru
Qazlal
Ru
Sif Muna
Trog
Uskayaw
Vehumet
Wu Jian
Xom
Yredelemnul
Zin
The Shining One

Shops:
D:5 }   D:6 *

Annotations:
D:9 Psyche


Innate Abilities, Weirdness & Mutations

Your mind is acute. (Int +2)
Your body sometimes deteriorates upon taking damage.
Your flesh is heat resistant. (rF+)
You are weak. (Str -2)
Your spells are a little harder to cast, but a little more powerful.


Message History

The five-headed hydra roars!
The jumping spider hisses angrily.
A jumping spider comes into view.
Casting: Throw Icicle
Confirm with . or Enter, or press ? or * to list all spells.
Aiming: Throw Icicle
Press: ? - help, Shift-Dir - straight line, f/p - five-headed hydra
Aim: a five-headed hydra (heavily wounded)
The shard of ice hits the five-headed hydra.
The five-headed hydra is almost dead.
The jumping spider leaps!
Casting: Throw Icicle
Confirm with . or Enter, or press ? or * to list all spells.
Aiming: Throw Icicle
Press: ? - help, Shift-Dir - straight line, f/p - five-headed hydra
Aim: a five-headed hydra (almost dead)
The shard of ice hits the five-headed hydra.
You kill the five-headed hydra!
Sif Muna accepts your kill.
The jumping spider leaps! x2; The jumping spider pounces on you.
The jumping spider bites you.
Casting: Throw Icicle
Confirm with . or Enter, or press ? or * to list all spells.
Aiming: Throw Icicle
Press: ? - help, Shift-Dir - straight line, f - jumping spider
Aim: a jumping spider The shard of ice misses the jumping spider.
The jumping spider leaps!
The jumping spider pounces on you!
The jumping spider bites you but does no damage.
Unknown command.
Casting: Throw Icicle
Confirm with . or Enter, or press ? or * to list all spells.
Aiming: Throw Icicle
Press: ? - help, Shift-Dir - straight line, f/p - jumping spider
Aim: a jumping spider The shard of ice hits the jumping spider.
The jumping spider is heavily wounded.
The jumping spider closely misses you.
The jumping spider bites you but does no damage.
The jumping spider pounces on you! The jumping spider barely misses you.
The jumping spider pounces on you.
You are caught in a web!
The jumping spider bites you.
Unknown command.
Casting: Throw Icicle
Confirm with . or Enter, or press ? or * to list all spells.
Aiming: Throw Icicle
Press: ? - help, Shift-Dir - straight line, f/p - jumping spider
Aim: a jumping spider (heavily wounded)
The shard of ice hits the jumping spider.
You kill the jumping spider!
Sif Muna accepts your kill. Sif Muna grants you divine energy.
You briefly lose access to your magic!
The jumping spider pounces on you!
* * * LOW HITPOINT WARNING * * *
The jumping spider bites you.
* * * LOW HITPOINT WARNING * * *
The jumping spider closely misses you. The jumping spider bites you.
* * * LOW HITPOINT WARNING * * *
Unknown command.
Okay, then.
Okay, then.
Okay, then.
Really quaff
g - a potion of invisibility {!q}?
You fade into invisibility!
The jumping spider pounces on you!
You die...

... .. +. #.#
####..#
#.....#
#.###.s..#.#.#
#.P..@†..)...
#.............
##...####.....
#.... ....
#.#.. ...
.#^#. .. #.#.
# .###


You could see a jumping spider.

Vanquished Creatures
  2 hydras
  The ghost of louis the Blocker, a novice GrMo of Qazlal (D:8)
  An orc knight (Bailey)
  Pikel (D:6)
  Joseph (D:7)
  A komodo dragon (Lair:1)
  A jumping spider (Lair:2)
  2 dream sheep (D:8)
  A hippogriff (Lair:1)
  The ghost of Amnesiac the Chiller, an amateur DEIE (D:4)
  3 yaks
  Sigmund (D:4)
  A hungry ghost (D:8)
  Eustachio (D:5)
  Edmund (D:6)
  2 wargs (D:8)
  A water moccasin (D:6)
  4 slaves (D:6)
  2 ice beasts
  4 orc warriors
  4 ogres
  A sky beast (D:8)
  4 centaurs
  A crocodile (Lair:1)
  2 phantoms
  3 big kobolds (D:8)
  6 bullfrogs
  A scorpion (D:7)
  5 wights (D:8)
  3 howler monkeys
  A crimson imp (D:7)
  A bullfrog zombie (D:8)
  5 orc priests
  4 hounds
  A jelly (D:7)
  16 orc wizards
  A centaur skeleton (D:6)
  Ijyb (D:5)
  Jessica (D:2)
  An iguana (D:6)
  3 worker ants
  Natasha (thrice) (D:2)
  2 hound zombies
  A worker ant zombie (D:8)
  A howler monkey skeleton (D:6)
  6 gnolls
  7 adders
  An ooze (D:4)
  3 adder skeletons
  7 dart slugs
  7 leopard geckos
  30 orcs
  7 bats
  4 giant cockroaches
  5 hobgoblins
  17 jackals
  2 quokkas
  7 frilled lizards
  9 goblins
  19 kobolds
  A leopard gecko skeleton (D:4)
  7 rats
243 creatures vanquished.

Vanquished Creatures (others)
  2 plants (D:8)
2 creatures vanquished.

Grand Total: 245 creatures vanquished

Notes
Turn   | Place    | Note
-------+----------+-------------------------------------------
     0 | D:1      | Amnesiac the Deep Elf Ice Elementalist began the quest for the Orb.
     0 | D:1      | Reached XP level 1. HP: 10/10 MP: 6/6
   194 | D:1      | Reached XP level 2. HP: 11/15 MP: 5/8
   768 | D:2      | Reached XP level 3. HP: 19/19 MP: 1/10
   777 | D:2      | Learned a level 3 spell: Ozocubu's Armour
   993 | D:2      | Noticed Jessica
   997 | D:2      | Killed Jessica
   997 | D:2      | Reached XP level 4. HP: 24/24 MP: 9/12
  1004 | D:2      | Learned a level 4 spell: Throw Icicle
  1118 | D:2      | Noticed Natasha
  1134 | D:2      | Killed Natasha
  1520 | D:2      | Noticed Natasha
  1525 | D:2      | Killed Natasha
  1525 | D:2      | Reached skill level 5 in Ice Magic
  1850 | D:2      | Noticed Natasha
  1854 | D:2      | Killed Natasha
  1854 | D:2      | Reached skill level 5 in Spellcasting
  1854 | D:2      | Reached XP level 5. HP: 22/28 MP: 9/14
  3590 | D:4      | Noticed Sigmund
  3633 | D:4      | Noticed Amnesiac's ghost (amateur DEIE)
  3666 | D:4      | Killed Sigmund
  3666 | D:4      | Reached XP level 6. HP: 11/32 MP: 0/17
  3802 | D:4      | Killed Amnesiac's ghost
  3802 | D:4      | Reached XP level 7. HP: 21/36 MP: 0/18
  4149 | D:4      | Found a bloodstained altar of Trog.
  4470 | D:4      | Found a staircase to the Ecumenical Temple.
  4599 | Temple   | Entered the Ecumenical Temple
  4865 | Temple   | Became a worshipper of Sif Muna the Loreminder
  4901 | D:5      | Entered Level 5 of the Dungeon
  5107 | D:5      | Reached XP level 8. HP: 17/42 MP: 12/20
  5121 | D:5      | Reached skill level 5 in Conjurations
  5349 | D:5      | Found Qafaast's Gadget Boutique.
  5449 | D:5      | Found a shimmering altar of Xom.
  5617 | D:5      | Noticed Eustachio
  5630 | D:5      | Killed Eustachio
  5659 | D:5      | Reached * piety under Sif Muna
  6085 | D:5      | Noticed Ijyb
  6090 | D:5      | Killed Ijyb
  6294 | D:6      | Noticed Edmund
  6306 | D:6      | Killed Edmund
  6810 | D:6      | Found a snail-covered altar of Cheibriados.
  6969 | D:6      | Reached ** piety under Sif Muna
  7114 | D:6      | Reached XP level 9. HP: 36/46 MP: 3/23
  7256 | D:6      | Noticed Pikel
  7264 | D:6      | Killed Pikel
  7578 | D:6      | Found Dixtucy's General Store.
  8153 | D:7      | Noticed Joseph
  8168 | D:7      | Killed Joseph
  8367 | D:7      | Reached *** piety under Sif Muna
  8481 | D:7      | Found a flagged portal.
  8490 | D:7      | Reached skill level 10 in Conjurations
  8608 | Bailey   | Entered a bailey
  8788 | Bailey   | Noticed an orc knight
  8810 | Bailey   | Killed an orc knight
  8810 | Bailey   | Reached skill level 10 in Ice Magic
  9006 | Bailey   | Reached XP level 10. HP: 51/51 MP: 0/24
  9068 | Bailey   | Found a bloodstained altar of Trog.
  9632 | D:8      | Reached **** piety under Sif Muna
  9967 | D:8      | Noticed a three-headed hydra
  9978 | D:8      | Killed a three-headed hydra
 10284 | D:8      | Learned a level 4 spell: Summon Ice Beast
 10469 | D:8      | Noticed louis's ghost (novice GrMo)
 10500 | D:8      | Killed louis's ghost
 10500 | D:8      | Reached ***** piety under Sif Muna
 10500 | D:8      | Identified Sif Muna's Tome of Congealing Battle Magic {god gift} (Sif Muna gifted it to you on level 8 of the Dungeon)
 10500 | D:8      | Received a gift from Sif Muna
 10530 | D:8      | Gained mutation: Your body sometimes deteriorates upon taking damage. [mutagenic meat]
 10531 | D:8      | Gained mutation: Your spells are a little harder to cast, but a little more powerful. [mutagenic meat]
 10532 | D:8      | Gained mutation: Your flesh is heat resistant. (rF+) [mutagenic meat]
 10533 | D:8      | Gained mutation: You are weak. (Str -2) [mutagenic meat]
 10534 | D:8      | Gained mutation: Your mind is acute. (Int +2) [mutagenic meat]
 10806 | D:8      | Found a staircase to the Lair.
 11144 | D:8      | Reached skill level 10 in Spellcasting
 11608 | D:8      | Reached XP level 11. HP: 55/55 MP: 22/27
 11701 | D:9      | Noticed Psyche
 11867 | Lair:1   | Entered Level 1 of the Lair of Beasts
 12512 | Lair:2   | Noticed a five-headed hydra
 12515 | Lair:2   | Killed a five-headed hydra
 12519 | Lair:2   | Mangled by a jumping spider

Vault maps used:
D:1:      dpeg_arrival_water_temple_mockup, minmay_crystal_room
D:2:      uniq_jessica, uniq_natasha
D:4:      minmay_temple_entry_glassed_door, hex_intersection, lemuel_tele_altar,
          uniq_sigmund
D:5:      basic_altar, first_bread, serial_shops, nicolae_shop_stone,
          feat_on_display, uniq_ijyb, uniq_eustachio
D:6:      lemuel_round_altar, serial_shops, shop_coins,
          minmay_misc_feat_columns, minivault_5, uniq_pikel, uniq_edmund
D:7:      enter_bailey_3, uniq_joseph
D:8:      erik_lair_orcish_takeover, hangedman_ranch, hex_tiny,
          minmay_misc_feat_five
D:9:      uniq_maurice, uniq_psyche
Temple:   nicolae_temple_the_god_donut
Lair:1:   infiniplex_staircase_pool
Lair:2:   shoals_dummy_entry, nicolae_spider_entry_tight_spaces,
          grunt_megastairs_5, serial_bayou_shore_b
Bailey:   bailey_axe_3, bailey

Skill      XL: |  1  2  3  4  5  6  7  8  9 10 11 |
---------------+----------------------------------+-----
Spellcasting   | 4 5 6 7 8 10 | 10.5
Ice Magic      | 4 5 6 7 8 9 10 11 12 | 12.1
Conjurations   | 4 7 10 11 12 | 12.2
Fighting       | |  0.4
Dodging        | |  2.4
Stealth        | |  2.4

Action                   |  1- 3 |  4- 6 |  7- 9 | 10-12 || total
-------------------------+-------+-------+-------+-------++-------
Melee: Dagger            |       |     9 |    64 |     9 ||    82
 Cast: Freeze            |    42 |    85 |    75 |       ||   202
       Ozocubu's Armour  |       |     2 |     2 |       ||     4
       Throw Icicle      |       |    11 |   128 |   122 ||   261
Invok: Divine Energy     |       |       |     1 |       ||     1
  Use: Potion            |       |     4 |     3 |     1 ||     8
       Scroll            |       |     7 |       |     3 ||    10
 Stab: Invisible         |       |     1 |       |       ||     1
       Sleeping          |       |       |     1 |       ||     1
       Distracted        |       |       |     1 |       ||     1
  Eat: Chunk             |       |    10 |    16 |    19 ||    45
       Bread ration      |       |       |     1 |       ||     1
       Royal jelly       |       |       |     2 |       ||     2
Armor: Robe              |     8 |     8 |    26 |     6 ||    48
       Skin              |       |       |     8 |       ||     8
Dodge: Dodged            |    21 |    39 |   106 |    17 ||   183
